 Dungeon Sprint DCSS version 0.29-a0-113-g078de9bc30 (webtiles) character file.

Game seed: 10931050182529736768

950 cyrus the Spear-Bearer (level 8, -2/72 HPs)
             Began as a Merfolk Fighter on Feb 19, 2022.
             Was an Initiate of Jiyva.
             Killed from afar by a gargoyle (19 damage)
             ... with a stone arrow
             ... in the Dungeon (Sprint IX: "|||||||||||||||||||||||||||||").
             The game lasted 00:02:48 (912 turns).

cyrus the Spear-Bearer (Merfolk Fighter)             Turns: 912, Time: 00:02:49

Health: -2/72      AC: 12    Str: 16    XL:     8   Next: 13%
Magic:  8/8        EV:  7    Int: 10    God:    Jiyva [......]
Gold:   0          SH:  6    Dex: 13    Spells: 7/7 levels left

rFire   . . .      SeeInvis .   a - +0 trident
rCold   . . .      Faith    .   c - +0 buckler
rNeg    . . .      Spirit   .   o - +1 chain mail
rPois   .          Reflect  .   n - +0 helmet
rElec   .          Harm     .   (no cloak)
rCorr   .          Rampage  .   (no gloves)
Will    .....      NoTele   +   (no boots)
Stlth   ..........              (no amulet)
HPRegen 0.22/turn               (no ring)
MPRegen 0.11/turn               (no ring)

@: no status effects
A: (nimble swimmer 2), mertail
a: Renounce Religion


You were in the Dungeon.
You worshipped Jiyva.
Jiyva was noncommittal.
You visited 1 branch

Inventory:

Hand Weapons
 a - a +0 trident (weapon)
Armour
 b - a +0 scale mail
 c - a +0 buckler (worn)
 m - a +0 helmet
 n - a +0 helmet (worn)
 o - a +1 chain mail (worn)
Jewellery
 p - a +3 ring of intelligence
 q - a +3 ring of strength
Wands
 l - a wand of acid (10)
Scrolls
 j - 2 scrolls of blinking
 k - 2 scrolls of amnesia
Potions
 e - 3 potions of curing
 g - a potion of haste
 h - 4 potions of magic


   Skills:
 + Level 9.8 Fighting
 + Level 14.2 Polearms
 + Level 7.3 Armour
 + Level 1.7 Dodging
 + Level 1.0 Stealth
 + Level 7.4 Shields


You had 7 spell levels left.
You didn't know any spells.
Your spell library was empty.

Dungeon Overview and Level Annotations

Branches:
Dungeon (1/1)

Altars:
Cheibriados
Dithmenos
Elyvilon
Fedhas
Gozag
Hepliaklqana
Kikubaaqudgha
Makhleb
Nemelex Xobeh
Okawaru
Qazlal
Ru
Sif Muna
Trog
Uskayaw
Vehumet
Wu Jian
Xom
Yredelemnul
Zin
The Shining One
Beogh
Jiyva
Lugonu


Innate Abilities, Weirdness & Mutations

((You are very nimble when in or above water. (Stealth+, EV+, Speed+++)))
Your lower body shifts to a powerful aquatic tail in water.


Message History

The stone arrow hits you!
The gargoyle hurls a stone arrow at you.
The stone arrow hits you!
There is an open door, spattered with blood here.
You feel better. The gargoyle hits you with a +0 mace!
You barely miss the gargoyle. You hit the gargoyle but do no damage.
The gargoyle hits you but does no damage.
You hit the gargoyle but do no damage. You block the gargoyle's attack.
You hit the gargoyle but do no damage. You hit the gargoyle.
The gargoyle is lightly damaged.
The deep elf pyromancer gestures wildly while chanting.
The gargoyle hurls a stone arrow at you.
You block the stone arrow.
Unknown command.
You hit the gargoyle but do no damage.
The gargoyle is lightly damaged.
The gargoyle hits you but does no damage.
You barely miss the gargoyle.
The gargoyle is lightly damaged.
You hit the gargoyle but do no damage.
The gargoyle is lightly damaged.
The deep elf pyromancer gestures wildly while chanting.
The deep elf pyromancer blinks!
The gargoyle hits you with a +0 mace!
* * * LOW HITPOINT WARNING * * *
You hit the gargoyle.
The gargoyle is moderately damaged.
The gargoyle hits you with a +0 mace!
* * * LOW HITPOINT WARNING * * *
You hit the gargoyle.
The gargoyle is heavily damaged.
Unknown command.
You hit the gargoyle.
The gargoyle is heavily damaged.
You block the gargoyle's attack.
You feel better.
The gargoyle hurls a stone arrow at you.
The stone arrow hits you!!
You die...

▓.▓
▓'▓
▓)▓
▓)▓
▓)▓
▓.▓
▓.▓
▓.▓
▓@▓
▓9▓
▓c▓
▓D▓
▓c▓
▓c▓
▓e▓
▓+▓


You could see an eight-headed hydra, 3 centaur warriors, a deep elf pyromancer
and a gargoyle.

Vanquished Creatures
  A two-headed ogre (D)
  A yak (D)
  A sky beast (D)
  A killer bee (D)
  A wight (D)
  An iguana (D)
  An orc wizard (D)
  An adder (D)
  An orc (D)
  A bat zombie (D)
  2 endoplasms (D)
  A hobgoblin (D)
  A kobold (D)
  A quokka (D)
  A rat (D)
16 creatures vanquished.

Vanquished Creatures (others)
  A shock serpent (shapeshifter) (D)
  A harpy (D)
  A slime creature (D)
  A jelly (D)
4 creatures vanquished.

Grand Total: 20 creatures vanquished

Notes
Turn   | Place    | Note
-------+----------+-------------------------------------------
     0 | D        | cyrus the Merfolk Fighter began the quest for the Orb.
     0 | D        | Reached XP level 1. HP: 18/18 MP: 1/1
   270 | D        | Noticed a sky beast
   270 | D        | Noticed an iguana
   274 | D        | Reached skill level 4 in Polearms
   274 | D        | Reached XP level 2. HP: 25/25 MP: 2/2
   279 | D        | Killed a sky beast
   280 | D        | Reached skill level 7 in Polearms
   280 | D        | Reached skill level 5 in Shields
   280 | D        | Reached XP level 3. HP: 34/34 MP: 3/3
   280 | D        | Reached XP level 4. HP: 40/40 MP: 4/4
   283 | D        | Reached skill level 8 in Polearms
   283 | D        | Reached XP level 5. HP: 46/47 MP: 5/5
   344 | D        | Found a snail-covered altar of Cheibriados.
   344 | D        | Found a shadowy altar of Dithmenos.
   344 | D        | Found a white marble altar of Elyvilon.
   344 | D        | Found a blossoming altar of Fedhas.
   344 | D        | Found an opulent altar of Gozag.
   345 | D        | Found a hazy altar of Hepliaklqana.
   346 | D        | Found a viscous altar of Jiyva.
   347 | D        | Found an ancient bone altar of Kikubaaqudgha.
   348 | D        | Found a corrupted altar of Lugonu.
   349 | D        | Found a burning altar of Makhleb.
   350 | D        | Found a sparkling altar of Nemelex Xobeh.
   351 | D        | Found an iron altar of Okawaru.
   352 | D        | Found a stormy altar of Qazlal.
   353 | D        | Found a sacrificial altar of Ru.
   354 | D        | Became a worshipper of Jiyva Jycuekos the Shapeless
   355 | D        | Found a shimmering blue altar of Sif Muna.
   355 | D        | Killed a harpy
   356 | D        | Found a bloodstained altar of Trog.
   357 | D        | Found a hide-covered altar of Uskayaw.
   357 | D        | Killed a slime creature
   357 | D        | Killed a shock serpent
   358 | D        | Found a radiant altar of Vehumet.
   359 | D        | Found an ornate altar of the Wu Jian Council.
   360 | D        | Found a shimmering altar of Xom.
   361 | D        | Found a basalt altar of Yredelemnul.
   362 | D        | Found a glowing silver altar of Zin.
   363 | D        | Found a glowing golden altar of the Shining One.
   407 | D        | Noticed a two-headed ogre
   407 | D        | Noticed a yak
   413 | D        | Reached skill level 9 in Polearms
   416 | D        | Reached skill level 5 in Armour
   421 | D        | Killed a two-headed ogre
   422 | D        | Reached skill level 13 in Polearms
   422 | D        | Reached skill level 1 in Dodging
   422 | D        | Reached XP level 6. HP: 33/59 MP: 6/6
   422 | D        | Reached XP level 7. HP: 36/64 MP: 7/7
   449 | D        | Killed a yak
   450 | D        | Reached skill level 14 in Polearms
   450 | D        | Reached skill level 1 in Stealth
   450 | D        | Reached XP level 8. HP: 16/72 MP: 8/8
   898 | D        | Noticed a gargoyle
   898 | D        | Noticed a centaur warrior
   898 | D        | Noticed an eight-headed hydra
   898 | D        | Noticed a centaur warrior
   898 | D        | Noticed a centaur warrior
   898 | D        | Noticed a deep elf pyromancer
   912 | D        | Killed from afar by a gargoyle

Illustrated notes

Levels and vault maps discovered:
D:        linesprint [early_d, line_temple, items_1, d_10, items_2, lair_1,
          lair_end, items_3, orc_1, orc_end, items_4, d_15, swamp_1, shoals_1,
          snake_1, spider_1, d_20, vaults_1, items_5, swamp_end, shoals_end,
          snake_end, spider_end, vaults_end, d_27, items_6, zot_1, zot_end,
          crypt_end, forest_end, elf_end, slime_end, tomb_end, abyss_end,
          pan_hell_end]

Skill      XL: |  1  2  3  4  5  6  7 |
---------------+----------------------+-----
Fighting       | 4 6 9 |  9.8
Polearms       | 4 7 8 13 14 | 14.2
Armour         | 4 6 7 |  7.3
Shields        | 5 7 |  7.4
Dodging        | 1 |  1.7
Stealth        | 1 |  1.0

Action                   |  1- 3 |  4- 6 |  7- 9 || total
-------------------------+-------+-------+-------++-------
Melee: Trident           |    24 |    17 |    37 ||    78
  Use: Potion            |     1 |     1 |     6 ||     8
 Stab: Invisible         |       |       |     3 ||     3
Armor: Scale mail        |     9 |       |       ||     9
       Chain mail        |       |     3 |     7 ||    10
Dodge: Dodged            |     7 |     7 |     8 ||    22
Block: Buckler           |     3 |     2 |     9 ||    14

Table legend: (Time is in decaauts)
 A = Elapsed time spent in this place.
 B = Non-inter-level travel time spent in this place.
 C = Inter-level travel time spent in this place.
 D = Time resting spent in this place.
 E = Time spent auto-exploring this place.
 F = Levels seen in this place.
 G = Mean time per level.
                   A        B        C        D        E       F      G
               +--------+--------+--------+--------+--------+-----+--------+
         Total |    907 |    907 |      0 |    738 |      0 |   1 |  907.0 |
       Dungeon |    907 |    907 |      0 |    738 |      0 |   1 |  907.0 |
               +--------+--------+--------+--------+--------+-----+--------+

Top non-repeatable levels by time:
       D: 907 daAuts
